Map: Odyssey LE

Players

Dessa - Winner!

  • Race: Zerg Zerg
  • League: Diamond
  • Spawn Location: 5:00

Lightning

  • Race: Protoss Protoss
  • League: Diamond
  • Spawn Location: 11:00

VOD

Have the link to the VOD?

Description

Time

  • Played on: Dec. 14, 2017, 12:21 p.m.
  • Length: 12:47
Show
View Real Time Build Order
Export as new Build Order

Dessa Zerg - Winner!

Build Orders: Hatch First, Lurkers 

Get SALT Encoding   

  12  0:01  Drone  
  13  0:12  Overlord  
  13  0:17  Drone  
  14  0:32  Drone x2  
  16  0:37  Drone  
  17  0:53  Hatchery  
  16  0:57  Drone  
  16  1:00  Extractor  
  16  1:02  Drone  
  17  1:18  Spawning Pool  
  16  1:32  Drone  
  17  1:33  Drone  
  17  1:34  Drone  
  19  1:44  Overlord  
  19  2:04  Queen  
  19  2:05  Queen  
  19  2:07  Drone  
  19  2:08  Zergling x4  
  26  2:14  Metabolic Boost  
  26  2:18  Drone  
  26  2:22  Drone  
  28  2:32  Drone  
  28  2:37  Overlord x2  
  29  2:45  Queen  
  29  2:51  Drone x2  
  33  3:15  Overlord  
  33  3:16  Drone x4  
  33  3:18  Extractor  
  33  3:19  Drone x3, Extractor  
  38  3:31  Drone  
  38  3:32  Drone x2  
  41  3:40  Drone, Roach Warren  
  41  3:45  Drone  
  41  3:46  Drone x3  
  45  4:12  Hatchery  
  42  4:35  Lair  
  42  4:44  Roach x3  
  42  4:45  Roach x4  
  56  4:46  Zergling x8  
  60  5:00  Drone, Evolution Chamber  
  60  5:02  Overlord x2  
  60  5:03  Evolution Chamber  
  58  5:31  Drone x4  
  58  5:34  Drone x3  
  58  5:35  Zerg Missile Weapons Level 1  
  64  5:39  Queen  
  64  5:41  Roach x8  
  81  6:03  Spine Crawler  
  79  6:07  Spine Crawler  
  79  6:08  Drone x3  
  79  6:09  Extractor  
  80  6:12  Hydralisk Den  
  79  6:22  Drone x2  
  79  6:23  Overlord x2  
  81  6:30  Glial Reconstitution  
  81  6:37  Zerg Ground Armor Level 1  
  81  6:43  Pneumatized Carapace  
  81  6:46  Drone x3  
  81  6:47  Hydralisk x3  
  84  6:48  Roach x3, Overlord  
  87  7:30  Drone x2  
  87  7:31  Drone x2  
  87  7:32  Drone x2  
  87  7:33  Drone x2  
  89  7:59  Zerg Missile Weapons Level 2  
  89  8:01  Roach x5  
  89  8:02  Roach  
  101  8:15  Drone  
  101  8:16  Drone  
  101  8:19  Drone x3, Overlord x2  
  106  8:39  Drone  
  106  8:40  Zerg Ground Armor Level 2, Lurker Den  
  97  9:30  Drone  
  97  9:31  Drone x3  
  99  9:32  Overlord  
  99  9:34  Hydralisk x7  
  99  9:35  Hydralisk x2  
  119  9:42  Queen  
  121  9:48  Spine Crawler, Queen  
  121  9:50  Spine Crawler  
  121  10:07  Lurker x5  
  121  10:08  Lurker x2  
  128  10:17  Drone  
  128  10:18  Drone  
  124  10:38  Queen  
  124  10:40  Drone x4  
  130  10:51  Muscular Augments, Infestation Pit  
  129  11:00  Spine Crawler, Drone  
  129  11:01  Drone, Overlord x2, Spine Crawler  
  112  11:44  Zergling x2  
  112  11:45  Zergling x30  
  86  12:02  Zergling x2  
  86  12:03  Zergling x4  
  74  12:20  Drone x3  
  74  12:21  Drone x9  
  74  12:22  Drone x2  
  85  12:27  Extractor x2  
  85  12:28  Hatchery  
Show
View Real Time Build Order
Export as new Build Order

Lightning Protoss 

Build Orders: 1 Gate Expand 

Get SALT Encoding   

  12  0:01  Probe  
  13  0:13  Probe  
  14  0:22  Pylon  
  14  0:29  Probe  
  15  0:42  Probe  
  16  0:46  Gateway  
  16  0:54  Probe (Chrono Boost)  
  16  0:55  Assimilator  
  18  1:06  Probe (Chrono Boost)  
  19  1:12  Probe (Chrono Boost)  
  19  1:20  Probe  
  20  1:32  Probe  
  21  1:34  Nexus  
  21  1:44  Probe  
  21  1:45  Assimilator  
  22  1:56  Probe  
  22  1:58  Pylon  
  23  2:10  Cybernetics Core  
  23  2:16  Probe  
  23  2:18  Zealot  
  26  2:28  Probe  
  27  2:40  Probe  
  27  2:41  Gateway  
  28  2:49  Warp Gate  
  30  2:51  Adept  
  30  2:52  Probe (Chrono Boost)  
  32  3:03  Probe x2 (Chrono Boost)  
  33  3:07  Probe (Chrono Boost)  
  35  3:13  Probe (Chrono Boost)  
  35  3:19  Probe (Chrono Boost)  
  37  3:23  Probe x2 (Chrono Boost)  
  38  3:32  Adept x2  
  38  3:33  Probe (Chrono Boost)  
  44  3:36  Probe (Chrono Boost)  
  44  3:37  Twilight Council  
  44  3:44  Pylon  
  44  3:45  Probe (Chrono Boost)  
  44  3:48  Probe (Chrono Boost)  
  46  3:51  Pylon  
  46  4:01  Pylon  
  46  4:02  Probe x2  
  48  4:16  Adept x2  
  54  4:18  Resonating Glaives (Chrono Boost)  
  52  4:28  Gateway  
  52  4:31  Gateway  
  52  4:33  Gateway  
  52  4:34  Probe  
  53  4:46  Pylon  
  53  4:48  Pylon  
  53  4:53  Gateway  
  53  4:55  Gateway  
  53  4:58  Gateway  
  53  4:59  Adept  
  55  5:00  Adept  
  57  5:08  Probe x2  
  57  5:20  Probe x2  
  59  5:32  Probe x2  
  61  5:43  Adept x5  
  71  6:02  Pylon  
  71  6:04  Pylon  
  71  6:05  Pylon  
  71  6:08  Pylon  
  71  6:12  Pylon  
  71  6:14  Adept  
  71  6:15  Adept x2  
  71  6:16  Adept x4  
  85  6:35  Adept  
  87  6:45  Pylon  
  87  6:48  Gateway  
  87  6:51  Gateway  
  87  6:54  Gateway  
  87  6:56  Gateway  
  80  7:22  Adept x3  
  78  7:23  Adept x5  
  68  7:56  Adept x2  
  68  7:57  Adept x4  
  70  8:03  Adept x2  
  72  8:09  Adept x2  
  72  8:10  Adept x4  
  72  8:11  Adept x2  
  72  8:25  Robotics Facility  
  72  8:27  Assimilator  
  72  8:29  Robotics Facility  
  72  8:30  Assimilator  
  72  8:31  Robotics Facility  
  72  8:32  Robotics Facility  
  72  8:42  Adept x5  
  82  9:02  Nexus  
  66  9:26  Immortal (Chrono Boost)  
  66  9:27  Immortal x2 (Chrono Boost)  
  66  9:30  Immortal (Chrono Boost)  
  74  9:38  Adept  
  74  9:39  Adept x3  
  82  9:50  Pylon  
  80  9:55  Immortal (Chrono Boost)  
  80  9:56  Immortal x2 (Chrono Boost)  
  96  10:02  Immortal (Chrono Boost)  
  94  10:24  Immortal (Chrono Boost)  
  94  10:25  Immortal (Chrono Boost)  
  94  10:35  Immortal (Chrono Boost)  
  94  10:47  Immortal (Chrono Boost)  
  94  10:54  Immortal  
  102  11:00  Assimilator  
  102  11:02  Probe, Assimilator  
  102  11:03  Probe  
  104  11:04  Immortal  
  108  11:14  Probe  
  102  11:26  Observer (Chrono Boost), Immortal (Chrono Boost)  
  98  11:33  Immortal (Chrono Boost)  
  93  11:54  Observer (Chrono Boost)  
  63  12:06  Immortal x3  
  63  12:07  Immortal  
  58  12:33  Adept x2  
  58  12:34  Adept  
Tags
 
Composition
Lurkers
Matchup
PvZ
Replay Pack
2017S4
Spawn Locations
Cross Positions
Add a new tag
Caveats
  • Supply blocks, unpowered buildings, or Contaminate may cause inaccurate times.
  • Supply counts are checked every 10 seconds.